 Dungeon Crawl Stone Soup version 0.28.0-45-g0d030f2227 (webtiles) character file.

Game seed: 8268478819279628420

16 101zpm the Magician (level 2, -1/22 HPs)
             Began as a Djinni Ice Elementalist on Apr 11, 2022.
             Slain by a hobgoblin zombie (2 damage)
             ... in an ossuary.
             The game lasted 00:04:06 (3052 turns).

101zpm the Magician (Djinni Ice Elementalist)       Turns: 3052, Time: 00:04:07

Health: -1/22      AC:  2    Str:  7    XL:     2   Next: 75%
Gold:   52         EV: 12    Int: 16    God:
                   SH:  0    Dex: 13

rFire   + + .      SeeInvis .   (no weapon)
rCold   x . .      Faith    .   (no shield)
rNeg    . . .      Spirit   .   a - +0 robe
rPois   ∞          Reflect  .   (no helmet)
rElec   .          Harm     .   (no cloak)
rCorr   .          Rampage  .   (no gloves)
Will    .....                   (boots unavailable)
Stlth   ++........              (no amulet)
HPRegen 0.07/turn               (no ring)
MPRegen 0.00/turn               (no ring)

@: flying
A: sickness immunity, fire resistance 2, cold vulnerability 1, float, innate
caster, HP casting, extra vitality 1
a: no special abilities


You were in an ossuary.
You visited 1 branch of the dungeon, and saw 4 of its levels.
You also visited: Ossuary.

You collected 52 gold pieces.

Inventory:

Armour
 a - a +0 robe (worn)
Scrolls
 b - a scroll of noise


   Skills:
 + Level 0.4 Fighting
 + Level 2.1 Dodging
 + Level 1.9 Stealth
 + Level 3.6 Spellcasting


You couldn't memorise any spells.
You knew the following spells:

 Your Spells              Type           Power      Damage    Failure   Level
a - Freeze                Ice            56%        1d7       4%          1
b - Frozen Ramparts       Ice            28%        1d4       12%         3
c - Ozocubu's Armour      Ice            14%        N/A       12%         3
d - Hailstorm             Conj/Ice       14%        3d5       36%         4
Your spell library was empty.

Dungeon Overview and Level Annotations

Branches:
Dungeon (4/15)            Ossuary (1/1)
 Temple: D:4-7

Altars:


Innate Abilities, Weirdness & Mutations

You are immune to sickness and miasma.
You are immune to poison.
Your flesh is very heat resistant. (rF++)
You are vulnerable to cold. (rC-)
You float through the air rather than walking.
You learn spells naturally, not from books.
Your magical power is your life essence.
You have superior vitality. (+4 MHP)


Message History

Press: ? - help, Q - select action Shift-Dir - straight line, f/p - hobgoblin zombie
Aim: a hobgoblin zombie (moderately damaged)
You freeze the hobgoblin zombie.
The hobgoblin zombie resists.
The hobgoblin zombie is heavily damaged.
The hobgoblin zombie misses you.
Your magical contamination has completely faded away.
Aiming: Freeze (safe; 4% risk of failure)
Press: ? - help, Q - select action Shift-Dir - straight line, f/p - hobgoblin zombie
Aim: a hobgoblin zombie (heavily damaged)
You freeze the hobgoblin zombie.
The hobgoblin zombie resists.
The hobgoblin zombie is severely damaged.
The hobgoblin zombie hits you but does no damage.
Aiming: Freeze (safe; 4% risk of failure)
Press: ? - help, Q - select action Shift-Dir - straight line, f/p - hobgoblin zombie
Aim: a hobgoblin zombie (severely damaged)
You freeze the hobgoblin zombie but do no damage.
The hobgoblin zombie completely resists.
The hobgoblin zombie hits you.
* * * LOW HITPOINT WARNING * * *
Aiming: Freeze (safe; 4% risk of failure)
Press: ? - help, Q - select action Shift-Dir - straight line, f/p - hobgoblin zombie
Aim: a hobgoblin zombie (severely damaged)
You freeze the hobgoblin zombie.
The hobgoblin zombie resists.
The hobgoblin zombie is severely damaged.
* * * LOW HITPOINT WARNING * * *
Aiming: Freeze (safe; 4% risk of failure)
Press: ? - help, Q - select action Shift-Dir - straight line, f/p - hobgoblin zombie
Aim: a hobgoblin zombie (severely damaged)
You freeze the hobgoblin zombie but do no damage.
The hobgoblin zombie completely resists.
* * * LOW HITPOINT WARNING * * *
The hobgoblin zombie hits you but does no damage.
Aiming: Freeze (safe; 4% risk of failure)
Press: ? - help, Q - select action Shift-Dir - straight line, f/p - hobgoblin zombie
Aim: a hobgoblin zombie (severely damaged)
You freeze the hobgoblin zombie but do no damage.
The hobgoblin zombie completely resists.
* * * LOW HITPOINT WARNING * * *
The hobgoblin zombie hits you.
You die...

..Z# Z..# ...# ZZ.#
...# # ...#
#...##############...#
#.......@Z...........#
#.........∩∩.........#
######################


You could see a hobgoblin zombie.

Vanquished Creatures
  A dart slug (D:3)
  2 endoplasms (D:1)
  2 goblins
  2 kobolds (D:1)
  2 quokkas (D:1)
  3 bats
  A hobgoblin zombie (Ossuary)
13 creatures vanquished.

Notes
Turn   | Place    | Note
-------+----------+-------------------------------------------
     0 | D:1      | 101zpm the Djinni Ice Elementalist began the quest for the
                  | Orb.
     0 | D:1      | Reached XP level 1. HP: 15/15 MP: 0/0
   496 | D:1      | Reached XP level 2. HP: 10/22 MP: 0/0
   888 | D:1      | Found a faded altar of an unknown god.
   889 | D:1      | Noticed a floating eye
   892 | D:1      | Noticed a great orb of eyes
   892 | D:1      | Noticed a great orb of eyes
   892 | D:1      | Noticed an eye of devastation
  1609 | D:4      | Found a sand-covered staircase.
  1614 | Ossuary  | Entered an ossuary
  3052 | Ossuary  | Slain by a hobgoblin zombie

Illustrated notes

Levels and vault maps discovered:
D:1:      eino_arrival_cavern_b, layout_loops_ring,
          hellmonk_ecumenical_altar_watching_god
D:2:      layout_basic, serial_corexii_hall, corexii_hall_statues_deadend,
          corexii_hall_statues_i, uniq_robin
D:3:      layout_basic, grunt_gozag_statues, kennysheep_orc_chapel
D:4:      layout_loops_ring, general_overflow_altar,
          lightli_ossuary_entry_decrepit_ruins
Ossuary:  ossuary_tomb_1

Action                   || total
-------------------------++-------
Melee: Unarmed           ||     5
 Cast: Freeze            ||    49
  Use: Scroll            ||     1
Armor: Robe              ||     9
Dodge: Dodged            ||    23
